 Dungeon Crawl Stone Soup version 0.21.1-1-g345015fe64 (webtiles) character file.

41 Ivernyr the Slasher (level 3, -1/20 HPs)
             Began as a Vine Stalker Monk on June 10, 2018.
             Splashed by a jelly's acid (5 damage)
             ... on level 2 of the Dungeon.
             The game lasted 00:02:24 (1023 turns).

Ivernyr the Slasher (Vine Stalker Monk)             Turns: 1023, Time: 00:02:25

Health: -1/20      AC: -1    Str: 13    XL:     3   Next: 52%
Magic:  0/4        EV: 13    Int: 10    God:
Gold:   40         SH:  0    Dex: 17    Spells: 2/2 levels left

rFire    . . .     SeeInvis .   a - +0 falchion
rCold    . . .     Gourm    .   (no shield)
rNeg     . . .     Faith    .   b - +0 robe
rPois    .         Spirit   +   (no helmet)
rElec    .         Reflect  .   (no cloak)
rCorr    .         Harm     .   (no gloves)
MR       .....                  (no boots)
Stlth    ++........             e - amulet of regeneration
HPRegen  0.46/turn              (no ring)
MPRegen  0.09/turn              (no ring)

@: corroded
A: fangs 2, magic shield, antimagic bite, no potion heal 3, rot immunity
a: no special abilities


You were on level 2 of the Dungeon.
You were not hungry.

You visited 1 branch of the dungeon, and saw 2 of its levels.

You collected 40 gold pieces.

Inventory:

Hand Weapons
 a - a +0 falchion (weapon)
Missiles
 j - 8 poisoned needles
Armour
 b - a +0 robe (worn)
Jewellery
 e - an amulet of regeneration (around neck)
Scrolls
 d - 2 scrolls of identify {unknown}
 g - a scroll of remove curse {unknown}
 h - a scroll of enchant armour {unknown}
 i - a scroll of teleportation {unknown}
 l - a scroll of blinking {unknown}
Potions
 f - a potion of haste {unknown}
 k - a potion of magic {unknown}
 m - a potion of brilliance {unknown}
Comestibles
 c - 4 rations


   Skills:
 + Level 3.0 Fighting
 + Level 3.0 Long Blades
 * Level 1.5 Throwing
 + Level 0.9 Armour
 - Level 2.4 Dodging
 - Level 2.4 Stealth


You had 2 spell levels left.
You didn't know any spells.

Dungeon Overview and Level Annotations

Branches:
Dungeon (2/15)

Altars:


Innate Abilities, Weirdness & Mutations

You have extremely sharp teeth.
When hurt, damage is shared between your health and your magic reserves.
Your bite disrupts and absorbs the magic of your enemies.
Potions cannot restore your health.
You are immune to rotting.


Message History

You kill the frilled lizard!
The hobgoblin hits you with a club.
You hit the hobgoblin. You bite the hobgoblin. You drain its power.
You feel invigorated.
The hobgoblin is almost dead.
The hobgoblin hits you with a club.
You completely miss the hobgoblin.
The hobgoblin is almost dead.
The hobgoblin hits you with a club.
You hit the hobgoblin.
You kill the hobgoblin!
You hit the jelly. The acid corrodes you!
Your hands burn!
You bite the jelly, but do no damage.
The jelly is moderately wounded.
The jelly hits you.
You are splashed with acid!
The acid burns!
* * * LOW HITPOINT WARNING * * *
The jelly hits you.
* * * LOW HITPOINT WARNING * * *
You are splashed with acid!
The acid burns!
You die...

#)####.##........#### #.##
#........'†.. #######..###
#.......†#### #..........#
#........#
#..........#.#####....##
#..........#.# #.##.#
#..........#.### #.#..###
#.........J#.#.# #.#....#
#.........@#.#.###.#..#.###
#..........#.......#....†.#
#............#....<##.#...#
....)......#.#.....<#...#
########.>..#.#.#.##..##
###.##.#.#.......
#.##.#)#####..#
#.##.#.#.......
#.##.#.#.###.##


You could see a jelly.

Vanquished Creatures
  2 worms (D:2)
  A dart slug (D:1)
  A leopard gecko (D:2)
  A giant cockroach (D:1)
  3 hobgoblins
  8 jackals (D:1)
  3 kobolds
  A quokka (D:2)
  4 bats (D:1)
  A frilled lizard (D:2)
  3 rats
28 creatures vanquished.

Notes
Turn   | Place    | Note
-------+----------+-------------------------------------------
     0 | D:1      | Ivernyr the Vine Stalker Monk began the quest for the Orb.
     0 | D:1      | Reached XP level 1. HP: 11/11 MP: 2/2
   102 | D:1      | Reached XP level 2. HP: 7/16 MP: 1/3
   362 | D:1      | Reached skill level 1 in Throwing
   487 | D:1      | Reached XP level 3. HP: 19/19 MP: 4/4
  1023 | D:2      | Splashed by a jelly's acid

Skill      XL: |  1  2  3 |
---------------+----------+-----
Throwing       | 1 |  1.5
Long Blades    | 3 |  3.0
Fighting       | 3 |  3.0
Armour         | |  0.9
Dodging        | |  2.4
Stealth        | |  2.4

Action                   || total
-------------------------++-------
Melee: Falchion          ||    69
       Bite              ||    26
 Stab: Sleeping          ||     4
Armor: Robe              ||    15
Dodge: Dodged            ||    41
       Rpst.: Falchion   ||    16
